General information
			
			
        
        - name: BNet
 
        - type: Ladder team game (AT/RT)
 
        - host: Battle.net
 
        - saver: TIMG4STRok
 
        
map: TurtleRock 
        - players: 4
 
        - length: 05:31
 
        - speed: Fast
 - version: 1.22 W3XP
 - replay type:  

 
» download(34 KB)
Players
        team 1 (winner) 
              
              
GheorgheMuresan (
red | 117 APM | 643 actions | 05:29)
              
 1 Blademaster 
 1 Wind Walk
 
                » actions 
                
                | Assign group hotkey | 39 |  | 
| Build / train | 26 |  | 
| Enter build submenu | 6 |  | 
| Enter hero's abilities submenu | 1 |  | 
| Give item / drop item | 1 |  | 
| Right click | 269 |  | 
| Select / deselect | 61 |  | 
| Select group hotkey | 213 |  | 
| Use ability | 27 |  | 
                643 total
 » units 
                » buildings
                
                | Altar of Storms | 1 |  | 
| Orc Burrow | 3 |  | 
| Barracks | 1 |  | 
| Voodoo Lounge | 1 |  | 
| Stronghold | 2 |  | 
                8 total
 » build order
                00:03 Altar of Storms
00:17 Orc Burrow
00:45 Barracks
01:30 Orc Burrow
01:45 Voodoo Lounge
02:39 Stronghold
02:39 Stronghold
04:13 Orc Burrow
» items
                
                | Circlet of Nobility | 2 |  | 
| Healing Salve | 1 |  | 
| Lesser Clarity Potion | 1 |  | 
                4 total
  
               
              
              
Patlidzan (
blue | 100 APM | 551 actions | 05:29)
              
 1 Death Knight 
 1 Death Coil
 
                » actions 
                
                | Assign group hotkey | 20 |  | 
| Basic commands | 34 |  | 
| Build / train | 31 |  | 
| ESC pressed | 1 |  | 
| Enter build submenu | 10 |  | 
| Enter hero's abilities submenu | 1 |  | 
| Right click | 227 |  | 
| Select / deselect | 93 |  | 
| Select group hotkey | 108 |  | 
| Use ability | 26 |  | 
                551 total
 » units 
                
                | Acolyte | 6 |  | 
| Ghoul | 2 |  | 
| Crypt Fiend | 8 |  | 
                16 total
 » upgrades
                » buildings
                
                | Crypt | 1 |  | 
| Graveyard | 1 |  | 
| Altar of Darkness | 1 |  | 
| Ziggurat | 3 |  | 
| Tomb of Relics | 1 |  | 
| Halls of the Dead | 2 |  | 
                9 total
 » build order
                00:07 Crypt
00:15 Graveyard
00:43 Altar of Darkness
01:00 Ziggurat
01:31 Tomb of Relics
02:02 Ziggurat
04:04 Halls of the Dead
04:04 Halls of the Dead
04:20 Ziggurat
» items
                
                | Rod of Necromancy | 4 |  | 
| Dust of Appearance | 3 |  | 
                7 total
  
               team 2 (loser) 
              
              
NADMaN (
orange | 147 APM | 809 actions | 05:29)
              
 1 Death Knight 
 1 Death Coil
 
                » actions 
                
                | Assign group hotkey | 6 |  | 
| Basic commands | 11 |  | 
| Build / train | 15 |  | 
| ESC pressed | 1 |  | 
| Enter build submenu | 7 |  | 
| Enter hero's abilities submenu | 1 |  | 
| Right click | 419 |  | 
| Select / deselect | 159 |  | 
| Select group hotkey | 176 |  | 
| Use ability | 14 |  | 
                809 total
 » units 
                » buildings
                
                | Altar of Darkness | 1 |  | 
| Crypt | 1 |  | 
| Ziggurat | 2 |  | 
| Tomb of Relics | 1 |  | 
| Halls of the Dead | 2 |  | 
| Graveyard | 1 |  | 
| Nerubian Tower | 1 |  | 
                9 total
 » build order
                00:06 Altar of Darkness
00:11 Crypt
00:25 Ziggurat
01:12 Tomb of Relics
01:57 Ziggurat
03:35 Halls of the Dead
03:35 Halls of the Dead
03:41 Graveyard
04:52 Nerubian Tower
» items
                 
               
              
              
TIMG4STRok (
teal | 104 APM | 577 actions | 05:31)
              
 2 Blademaster 
 1 Wind Walk
 1 Critical Strike
 
                » actions 
                
                | Assign group hotkey | 7 |  | 
| Basic commands | 16 |  | 
| Build / train | 21 |  | 
| Enter build submenu | 9 |  | 
| Enter hero's abilities submenu | 2 |  | 
| Give item / drop item | 1 |  | 
| Right click | 270 |  | 
| Select / deselect | 49 |  | 
| Select group hotkey | 184 |  | 
| Use ability | 18 |  | 
                577 total
 » units 
                » upgrades
                » buildings
                
                | Altar of Storms | 2 |  | 
| Orc Burrow | 3 |  | 
| Barracks | 1 |  | 
| Stronghold | 2 |  | 
| Voodoo Lounge | 1 |  | 
| Beastiary | 1 |  | 
                10 total
 » build order
                00:06 Altar of Storms
00:08 Altar of Storms
00:17 Orc Burrow
00:43 Barracks
01:37 Orc Burrow
02:36 Stronghold
02:49 Voodoo Lounge
03:54 Orc Burrow
05:28 Beastiary
» items
                
                | Healing Salve | 1 |  | 
| Lesser Clarity Potion | 2 |  | 
                3 total
  
                Chat log
          (00:19 / All) GheorgheMuresan: GL HF
(00:21 / All) TIMG4STRok: gg gl
(01:41 / All) Patlidzan: SUP HACKING SHIT
(01:45 / All) Patlidzan: EAT MY BAWWLZZZZZZ
(01:48 / All) Patlidzan: U FUCKING SHITFACES
(01:50 / All) GheorgheMuresan: FUCKING NIGGERS
(01:50 / All) NADMaN: edgy
(01:54 / All) GheorgheMuresan: YOU VS RANK 1 SOLO
(01:55 / All) Patlidzan: SUCK IT HOE
(01:56 / All) Patlidzan: SUCK IT
(01:56 / All) GheorgheMuresan: DONT CHOKE
(02:06 / All) Patlidzan: ENJOY THE RAPE TRASH
(03:36 / All) TIMG4STRok: really
(03:42 / All) TIMG4STRok: cant even get out of a block
(03:48 / All) Patlidzan: ROFL
(03:49 / All) Patlidzan: U SUCK
(03:49 / All) Patlidzan: HOE
(04:13 / All) Patlidzan: AND U CREEP WRONG CREEP
(04:13 / All) Patlidzan: LOL